Description

Evolutiion VS Frauke how to beat me.

Replay - Acid Plant LE Frauke Vs DroidiX

Build Order

Get SALT Encoding   

  12  0:06  Probe  
  13  0:18  Probe  
  14  0:28  Pylon  
  14  0:30  Probe  
  15  0:46  Probe  
  15  0:48  Gateway  
  16  0:59  Probe  
  17  1:11  Probe  
  18  1:23  Probe  
  19  1:35  Probe  
  19  1:36  Cybernetics Core  
  20  1:47  Probe  
  21  1:59  Probe  
  23  2:17  Assimilator x2  
  23  2:26  Nexus  
  23  2:33  Gateway x3  
  23  2:40  Pylon x2  
  23  2:59  Pylon x2  
  26  3:28  Warp Gate  
  26  3:36  Stargate  
  27  3:44  Assimilator  
  27  3:49  Assimilator  
  27  4:25  Shield Battery x2  
  27  4:31  Gateway  
  27  4:38  Gateway  
  31  5:05  Robotics Facility  
  37  5:31  Oracle  
  37  5:34  Stalker x5  
  52  5:44  Forge  
  58  6:13  Shield Battery  
  60  6:27  Photon Cannon  
  60  6:31  Protoss Ground Weapons Level 1  
  62  6:44  Forge x2  
  64  6:54  Stalker x5  
  73  7:37  Adept x6  
  73  7:43  Protoss Ground Armor Level 1  
  73  7:44  Protoss Shields Level 1  
  85  8:07  Nexus  
  85  8:09  Assimilator  
  85  8:14  Assimilator  
  85  8:21  Oracle  
  100  8:37  Twilight Council  
  100  8:49  Immortal  
  104  8:58  Void Ray  
  108  9:29  Protoss Ground Weapons Level 2, Immortal  
  108  9:31  Protoss Ground Armor Level 2  
  112  9:32  Protoss Shields Level 2  
  109  9:47  Void Ray  
Spawning Tool Build Advisor. Get it on Overwolf

Go to:

Details

  • Created by: Allyosn
  • Published on: Apr 23, 2018
  • Modified on: Apr 23, 2018
  • Patch: 4.0.0
Show
View Real Time Build Order
Export as new Build Order

Comments (0)

There are no comments. Be the first!

Create an account to comment!